 Dungeon Crawl Stone Soup version 0.31-a0-246-g8cbcc1c (webtiles) character file.

Game seed: 10387777167249835690

30060 BingusPrime the Mimic (level 13, -5/111 HPs)
             Began as a Merfolk Shapeshifter on July 12, 2023.
             Slain by a cane toad (18 damage)
             ... on level 3 of the Lair of Beasts.
             The game lasted 00:35:56 (12150 turns).

BingusPrime the Mimic (Merfolk Shapeshifter)       Turns: 12150, Time: 00:35:57

Health: -5/111     AC: 20    Str: 17    XL:     13   Next: 49%
Magic:  13/13      EV: 13    Int:  8    God:
Gold:   1263       SH:  0    Dex: 17    Spells: 12/12 levels left

rFire   . .          .
                       - Unarmed
rCold   . . .        v - melded +0 buckler
rNeg    . . .        k - +8 chain mail of Caqoad {rPois Slay+3}
rPois   +            (no helmet)
rElec   .            (no cloak)
rCorr   .            (gloves currently unavailable)
SInv    .            Y - +0 pair of boots
Will    .....        d - amulet of regeneration Stlth
                     e - +4 ring of protection
HPRegen 1.18/turn    I - +4 ring of protection
MPRegen 0.13/turn

%: no passive effects
@: blade hands
A: (nimble swimmer 2), mertail
a: no special abilities


You were on level 3 of the Lair of Beasts.
You had blades for hands.
You visited 3 branches of the dungeon, and saw 17 of its levels.

You collected 1263 gold pieces.

Inventory:

Missiles
 t - 47 poisoned darts
 C - 2 javelins
 N - a throwing net
Armour
 k - the +8 chain mail of Caqoad (worn) {rPois Slay+3}
   (You found it on level 3 of the Lair of Beasts)

   Slay:      It affects your accuracy & damage with ranged weapons and melee
   (+3).
   rPois:     It protects you from poison.
 v - a +0 buckler (melded)
 W - +0 gold dragon scales
 Y - a +0 pair of boots (worn)
Magical Staves
 x - a staff of poison
 y - a staff of conjuration
Jewellery
 a - a +6 ring of dexterity
 d - an amulet of regeneration (around neck)
 e - a +4 ring of protection (left blade hand)
 q - an amulet of the acrobat
 I - a +4 ring of protection (right blade hand)
 T - an amulet of guardian spirit
Talismans
 c - a beast talisman
 D - a blade talisman
Wands
 o - a wand of flame (36)
 L - a wand of iceblast (17)
 M - a wand of light (6)
 O - a wand of charming (13)
 S - a wand of polymorph (5)
Scrolls
 f - 6 scrolls of teleportation
 j - 2 scrolls of enchant weapon {unknown}
 l - 2 scrolls of fog {unknown}
 r - a scroll of acquirement {unknown}
 u - 4 scrolls of enchant armour
 w - 2 scrolls of butterflies {unknown}
 B - 3 scrolls of blinking
 E - 3 scrolls of revelation
 G - a scroll of vulnerability {unknown}
 H - 3 scrolls of poison
 J - a scroll of amnesia {unknown}
 P - 2 scrolls of immolation {unknown}
 Q - 3 scrolls of fear {unknown}
 U - 2 scrolls of torment
 X - a scroll of noise {unknown}
 Z - a scroll of brand weapon {unknown}
Potions
 b - 2 potions of lignification
 g - 3 potions of mutation {unknown}
 h - 4 potions of heal wounds {unknown}
 i - 3 potions of haste {unknown}
 m - 4 potions of brilliance
 n - 7 potions of curing
 p - 4 potions of attraction
 s - a potion of cancellation {unknown}
 z - a potion of resistance {unknown}
 A - 4 potions of might
 F - 2 potions of ambrosia {unknown}
 K - a potion of magic {unknown}
 R - 3 potions of degeneration {unknown}
 V - a potion of berserk rage {unknown}


   Skills:
 * Level 13.0 Fighting
 + Level 0.8 Armour
 * Level 12.3 Dodging
 * Level 13.4 Unarmed Combat
 * Level 13.7 Shapeshifting


You had 12 spell levels left.
You didn't know any spells.
Your spell library contained the following spells:

 Spells                   Type           Power      Damage    Failure   Level
 Apportation              Tloc           0%         N/A       100%        1
 Necrotise                Necr           0%         1d4       100%        1
 Summon Small Mammal      Summ           0%         N/A       100%        1
 Blink                    Tloc           0%         N/A       100%        2
 Cigotuvi's Dreadful Rot  Necr/Pois/Air  0%         N/A       100%        2
 Ensorcelled Hibernation  Hex/Ice        0%         N/A       100%        2
 Poisonous Vapours        Pois/Air       0%         N/A       100%        2
 Frozen Ramparts          Ice            0%         1d1       100%        3
 Ignite Poison            Fire/Tmut/Pois 0%         N/A       100%        3
 Mephitic Cloud           Conj/Pois/Air  0%         N/A       100%        3
 Portal Projectile        Hex/Tloc       0%         N/A       100%        3
 Tukima's Dance           Hex            0%         N/A       100%        3
 Anguish                  Hex/Necr       0%         N/A       100%        4
 Iskenderun's Mystic Bla  Conj/Tloc      0%         2d3       100%        4
 Manifold Assault         Tloc           0%         N/A       100%        4
 Petrify                  Tmut/Erth      0%         N/A       100%        4
 Freezing Cloud           Conj/Ice/Air   0%         6-21      100%        5
 Metabolic Englaciation   Hex/Ice        0%         N/A       100%        5


Dungeon Overview and Level Annotations

Branches:
Dungeon (12/15)            Temple (1/1) D:5            Lair (4/5) D:11
  Swamp (0/4) Lair:2       Spider (0/4) Lair:2          Orc (0/2) D:11
  Slime: Lair:4-5

Altars:
Ashenzari
Cheibriados
Dithmenos
Elyvilon
Fedhas
Gozag
Hepliaklqana
Kikubaaqudgha
Makhleb
Nemelex Xobeh
Okawaru
Qazlal
Ru
Sif Muna
Trog
Uskayaw
Vehumet
Wu Jian
Xom
Yredelemnul
Zin
The Shining One

Shops:
D:6 (   D:10 ?   D:11 :

Annotations:
D:12 Nessos


Innate Abilities, Weirdness & Mutations

You have blades for hands.
Your spellcasting is less reliable in this form.
You are incapable of wielding weapons or throwing items.
((You are very nimble when in or above water. (Stealth+, EV+, Speed+++)))
Your lower body shifts to a powerful aquatic tail in water.


Message History

The blink frog gives a loud, deep croak!
The blink frog croaks.
The cane toad gives a loud, deep croak!
The wolf howls!
You hear a croak.
A bullfrog comes into view.
A blink frog comes into view.
The cane toad stings you!!
A wolf comes into view.
Found four items.
Found two stone staircases leading down and a stone staircase leading up.
There is a stone staircase leading up, spattered with blood here.
You barely miss the cane toad.
The blink frog croaks.
A wolf comes into view.
The cane toad barely misses you.
The wolf howls!
The cane toad stings you!
You are poisoned.
The cane toad poisons you!
The cane toad stings you but does no damage.
The blink frog blinks!
You climb upwards.
You feel extremely sick.
There is a stone staircase leading down here.
You slash the cane toad!
The cane toad is moderately wounded.
You feel very sick. The cane toad stings you! The cane toad stings you!!
You slice the cane toad!!
The cane toad is severely wounded.
You feel very sick. The cane toad stings you!
* * * LOW HITPOINT WARNING * * *
The cane toad stings you but does no damage.
You barely miss the cane toad.
The cane toad is severely wounded.
You feel sick. The cane toad barely misses you. The cane toad stings you!
* * * LOW HITPOINT WARNING * * *
You feel better. The cane toad stings you!
* * * LOW HITPOINT WARNING * * *
The cane toad stings you!!
You die...

##...รท..................
#......##.#............
#.......####..#.####.#.
#.......# #..### ####
##.......# #..# #.
#........# #..# ##
##......## ##..# #
#P....F.# #...# #
#......@# ##..# #
##.....F#####..##### ###
#.......P.##.....PP###..
#.......................
##......................
#....##...#..####.......
##......................
##...#....#.#......:####
#......#######...#..P...


You could see 2 cane toads.

Vanquished Creatures
  Erica (D:9)
  A catoblepas (Lair:2)
  A two-headed ogre (D:11)
  A manticore (D:11)
  Maurice (D:8)
  2 black mambas (Lair:2)
  4 elephants (Lair:3)
  A torpor snail (Lair:2)
  Maggie (D:8)
  10 cane toads
  An unseen horror (D:11)
  5 kobold demonologists
  Psyche (D:9)
  2 rime drakes (Lair:1)
  2 ice devils (D:11)
  7 komodo dragons
  2 trolls
  7 blink frogs
  A hornet (D:10)
  49 yaks
  Sigmund (D:3)
  2 shadows
  A wyvern (Lair:2)
  2 wraiths
  A basilisk (Lair:1)
  2 steam dragons
  Grum (D:8)
  3 redbacks (Lair:2)
  6 wargs (D:11)
  4 water moccasins
  Duvessa (D:5)
  2 orc warriors
  A sky beast (D:7)
  A black bear (D:4)
  2 ice beasts
  2 ogres
  3 centaurs
  8 wolves
  3 phantoms
  5 kobold brigands
  13 bullfrogs
  A gnoll sergeant (D:9)
  4 scorpions
  15 wights
  Dowan (D:5)
  9 killer bees
  A howler monkey (D:8)
  An electric eel (Lair:2)
  2 crimson imps
  2 gnoll boudas
  2 jellies (D:6)
  4 orc priests
  Crazy Yiuf (D:2)
  A hound (D:6)
  3 iguanas
  3 sleepcaps
  Jessica (D:2)
  8 orc wizards
  15 gnolls
  6 adders
  3 white imps
  An ufetubus (D:2)
  3 worms
  A dart slug (D:1)
  22 orcs
  10 endoplasms
  A giant cockroach (D:3)
  5 hobgoblins
  5 jackals
  6 quokkas
  4 ball pythons
  9 bats
  3 frilled lizards (D:2)
  6 goblins
  A goblin skeleton (D:4)
  A goblin zombie (D:4)
  2 hobgoblin zombies (D:4)
  14 kobolds
  3 orc skeletons (D:4)
  An orc zombie (D:4)
  4 rats
  A spectral hobgoblin (D:1)
350 creatures vanquished.

Notes
Turn   | Place    | Note
-------+----------+-------------------------------------------
     0 | D:1      | BingusPrime the Merfolk Shapeshifter began the quest for
                  | the Orb.
     0 | D:1      | Reached XP level 1. HP: 16/16 MP: 1/1
   110 | D:1      | Reached XP level 2. HP: 23/23 MP: 2/2
   110 | D:1      | Found a faded altar of an unknown god.
   259 | D:1      | Reached XP level 3. HP: 23/28 MP: 3/3
   687 | D:2      | Reached XP level 4. HP: 34/34 MP: 4/4
   828 | D:2      | Noticed Jessica
   835 | D:2      | Killed Jessica
   950 | D:2      | Found a runed translucent door.
   951 | D:2      | Noticed Crazy Yiuf
  1115 | D:2      | Killed Crazy Yiuf
  1116 | D:2      | Reached XP level 5. HP: 9/41 MP: 5/5
  1472 | D:3      | Found a hide-covered altar of Uskayaw.
  1585 | D:3      | Noticed Sigmund
  1596 | D:3      | Killed Sigmund
  1597 | D:3      | Reached skill level 5 in Shapeshifting
  1597 | D:3      | Reached XP level 6. HP: 40/48 MP: 6/6
  1694 | D:3      | Found a shadowy altar of Dithmenos.
  1921 | D:4      | Reached skill level 5 in Dodging
  2192 | D:4      | Noticed a black bear
  2200 | D:4      | Killed a black bear
  2201 | D:4      | Reached XP level 7. HP: 45/54 MP: 7/7
  2360 | D:4      | Found a glowing golden altar of the Shining One.
  2378 | D:4      | Reached skill level 5 in Unarmed Combat
  2515 | D:5      | Entered Level 5 of the Dungeon
  2544 | D:5      | Found a white marble altar of Elyvilon.
  2608 | D:5      | Found a staircase to the Ecumenical Temple.
  2641 | Temple   | Entered the Ecumenical Temple
  2715 | D:5      | Noticed Duvessa
  2715 | D:5      | Noticed Dowan
  2729 | D:5      | Killed Duvessa
  2747 | D:5      | Killed Dowan
  2748 | D:5      | Reached XP level 8. HP: 58/61 MP: 8/8
  2951 | D:5      | Found an ornate altar of the Wu Jian Council.
  3207 | D:5      | Found a hazy altar of Hepliaklqana.
  3473 | D:6      | Reached skill level 5 in Fighting
  3620 | D:6      | Found a bloodstained altar of Trog.
  3691 | D:6      | Found Vuecinir's Weapon Shoppe.
  3731 | D:6      | Reached XP level 9. HP: 42/69 MP: 9/9
  3989 | D:6      | Found a radiant altar of Vehumet.
  3990 | D:6      | Found a shimmering altar of Xom.
  4091 | D:6      | Found a burning altar of Makhleb.
  4506 | D:7      | Found a broken altar of Ashenzari.
  4749 | D:8      | Noticed Maggie
  4757 | D:8      | Killed Maggie
  4783 | D:8      | Noticed Maurice
  4792 | D:8      | Killed Maurice
  4793 | D:8      | Reached XP level 10. HP: 40/80 MP: 10/10
  5123 | D:8      | Found a snail-covered altar of Cheibriados.
  5305 | D:8      | Noticed Grum
  5324 | D:8      | Killed Grum
  5402 | D:8      | Reached skill level 10 in Shapeshifting
  5463 | D:8      | Found a basalt altar of Yredelemnul.
  5525 | D:8      | Found a blossoming altar of Fedhas.
  5787 | D:9      | Noticed Erica
  5801 | D:10     | Entered Level 10 of the Dungeon
  5871 | D:9      | Killed Erica
  5872 | D:9      | Reached skill level 10 in Unarmed Combat
  5872 | D:9      | Reached XP level 11. HP: 46/89 MP: 11/11
  5874 | D:9      | Found an iron altar of Okawaru.
  5961 | D:9      | Noticed Psyche
  5963 | D:9      | Killed Psyche
  6236 | D:9      | Reached skill level 10 in Fighting
  6473 | D:9      | You fall into a shaft and drop 3 floors!
  6512 | D:12     | Noticed Nessos
  6843 | D:11     | Noticed a manticore
  6846 | D:11     | Killed a manticore
  6917 | D:11     | Reached skill level 10 in Dodging
  6931 | D:11     | Identified the +1 robe "Neewiraapt" {Int+2}
  6973 | D:11     | Found Deniull's Tremendous Tomes.
  7061 | D:10     | Found a sacrificial altar of Ru.
  7117 | D:10     | Found a glowing silver altar of Zin.
  7269 | D:10     | Found an opulent altar of Gozag.
  7304 | D:10     | Reached XP level 12. HP: 87/99 MP: 12/12
  7384 | D:10     | Found a shimmering blue altar of Sif Muna.
  7412 | D:10     | Found a sparkling altar of Nemelex Xobeh.
  7514 | D:10     | Found an ancient bone altar of Kikubaaqudgha.
  7514 | D:10     | Found a stormy altar of Qazlal.
  7810 | D:10     | Found Fomauw's Magic Scroll Boutique.
  8271 | D:11     | Identified the +1 long sword of a Labyrinth {elec, *Noise
                  | Will+++ Int+6 SInv Stlth-}
  8324 | D:11     | Found a staircase to the Lair.
  8368 | D:11     | Found a staircase to the Orcish Mines.
  8399 | D:11     | Noticed a two-headed ogre
  8411 | D:11     | Killed a two-headed ogre
  9287 | Lair:1   | Entered Level 1 of the Lair of Beasts
  9759 | Lair:1   | Found a gate leading to a gauntlet.
  9858 | Lair:1   | Reached XP level 13. HP: 56/109 MP: 13/13
 10655 | Lair:2   | Found a hole to the Spider Nest.
 10694 | Lair:2   | Identified the +10 flail of Pain and Death {heavy, MP+9}
 10699 | Lair:2   | Identified the +3 dagger of the Turnip {drain, *Rage rC++
                  | rN+ Str+4}
 10717 | Lair:2   | Found a staircase to the Swamp.
 11732 | Lair:3   | Identified the +8 chain mail of Caqoad {rPois Slay+3}
 12150 | Lair:3   | Slain by a cane toad

Illustrated notes

Levels and vault maps discovered:
D:1:      dpeg_arrival_arbitrary_b, layout_basic,
          dreamdust_ecumenical_altar_drowned_temple, minmay_misc_feat_plants
D:2:      layout_basic, amethyst_killhole, minmay_quadrilaterals,
          uniq_crazy_yiuf_cottage, uniq_jessica
D:3:      layout_rooms, old_standard_altar, mainiacjoe_overflow_24_doors,
          uniq_sigmund
D:4:      layout_basic, nicolae_tso_besieged_by_evil
D:5:      layout_basic, nicolae_overflow_crystal_walls,
          mainiacjoe_overflow_boulevard, amcnicky_altar_gilded,
          minmay_temple_entry_wispy, uniq_duvessa
D:6:      layout_cave_pools, makhleb_grotto_becter, overflow_temple_1_default,
          nicolae_overflow_two_pavilions, serial_shops, shop,
          minmay_fractal_squares_gapless_5
D:7:      layout_rooms, kennysheep_mini, kennysheep_cluttered_room
D:8:      layout_gridville, mainiacjoe_overflow_alcove_4, lemuel_doored_altar,
          mainiacjoe_overflow_alcove_1, uniq_grum, uniq_maggie, uniq_maurice
D:9:      layout_basic, overflow_temple_1_default, nicolae_titane, uniq_psyche,
          uniq_erica
D:10:     layout_basic, old_standard_altar, nicolae_sif_muna_little_library,
          kennysheep_little_box, nicolae_ru_awakened_eye,
          mainiacjoe_overflow_tiny_flanked, gammafunk_temple_overflow_elements,
          serial_shops, nicolae_shop_rolling_square, minivault_11
D:11:     layout_cave_pods, erik_lair_orcish_takeover,
          minmay_orc_entry_guard_dogs, portal_ice_cave_demonic_guard,
          nicolae_shop_i_like_big_books, billiards_dpeg
D:12:     layout_layer_cave, uniq_nessos
Temple:   ebering_the_none_and_only
Lair:1:   layout_regular_city, gauntlet_entry_generic, grunt_megastairs_4
Lair:2:   layout_loops_ring, minmay_swamp_entry_worms, spider_nest_entry_webs,
          nicolae_lair_grazing_beasts [nicolae_sub_lair_graze_edge,
          nicolae_sub_lair_graze_edge, nicolae_sub_lair_graze_edge,
          nicolae_sub_lair_graze_edge]
Lair:3:   layout_chaotic_city, dreamdust_mushroom_princess, wad_woods_road_01
Lair:4:   layout_layer_cave

Skill      XL: |  1  2  3  4  5  6  7  8  9 10 11 12 13 |
---------------+----------------------------------------+-----
Dodging        | 3 4 5 6 8 9 10 11 12 | 12.3
Unarmed Combat | 3 4 5 7 8 10 11 12 13 | 13.4
Fighting       | 3 4 5 7 9 10 12 13 | 13.0
Shapeshifting  | 5 6 7 9 10 11 13 | 13.7
Armour         | |  0.8

Action                     |  1- 3 |  4- 6 |  7- 9 | 10-12 | 13-15 || total
---------------------------+-------+-------+-------+-------+-------++-------
  Melee: Unarmed           |    71 |    97 |   200 |   455 |   126 ||   949
         Punch             |     2 |     5 |     5 |    30 |    10 ||    52
         Tailslap          |     1 |       |     1 |       |     3 ||     5
  Throw: Dart              |       |       |     2 |       |       ||     2
         Javelin           |       |       |     2 |       |       ||     2
  Evoke: Wand              |       |     7 |     1 |     5 |     4 ||    17
    Use: Scroll            |       |       |       |     7 |     3 ||    10
         Potion            |       |       |       |     1 |     3 ||     4
   Stab: Sleeping          |       |       |     3 |     2 |       ||     5
         Petrified         |       |       |       |       |     1 ||     1
 Armour: Animal skin       |    23 |    25 |    33 |    28 |       ||   109
         Ring mail         |       |       |       |    30 |       ||    30
         Gold dragon scale |       |       |       |    55 |    57 ||   112
         Skin              |       |       |       |    18 |       ||    18
         Chain mail        |       |       |       |       |     2 ||     2
  Dodge: Dodged            |    43 |    55 |    96 |   169 |     9 ||   372
  Block: Buckler           |       |       |    15 |     1 |       ||    16
   Form: Blade             |       |       |     1 |       |       ||     1

Table legend: (Time is in decaauts)
 A = Elapsed time spent in this place.
 B = Non-inter-level travel time spent in this place.
 C = Inter-level travel time spent in this place.
 D = Time resting spent in this place.
 E = Time spent auto-exploring this place.
 F = Levels seen in this place.
 G = Mean time per level.
                   A        B        C        D        E       F      G
               +--------+--------+--------+--------+--------+-----+--------+
         Total |  11995 |  10312 |   1683 |    205 |   7753 |  17 |  705.6 |
       Dungeon |   9177 |   7773 |   1404 |    112 |   5979 |  12 |  764.8 |
        Temple |      6 |      4 |      2 |      0 |      0 |   1 |    6.0 |
          Lair |   2810 |   2533 |    277 |     93 |   1773 |   4 |  702.5 |
               +--------+--------+--------+--------+--------+-----+--------+

Top non-repeatable levels by time:
    D:11: 1394 daAuts
  Lair:1: 1091 daAuts
    D:10: 1084 daAuts
     D:5: 941 daAuts
  Lair:2: 934 daAuts
     D:8: 882 daAuts
     D:6: 824 daAuts
  Lair:3: 778 daAuts
     D:9: 764 daAuts
     D:3: 735 daAuts
     D:2: 697 daAuts
     D:4: 584 daAuts
     D:1: 482 daAuts
     D:7: 417 daAuts
    D:12: 368 daAuts
